 Dungeon Crawl Stone Soup version 0.24-a0-102-g7635c99 (console) character file.

Game seed: 10360841005926274125

50 Voker57 the Slasher (level 3, 0/28 HPs)
             Began as a Demonspawn Gladiator on Feb 12, 2019.
             Slain by a leopard gecko (3 damage)
             ... on level 3 of the Dungeon.
             The game lasted 00:01:16 (1501 turns).

Voker57 the Slasher (Demonspawn Gladiator)          Turns: 1501, Time: 00:01:17

Health: 0/28       AC:  4    Str: 19    XL:     3   Next: 55%
Magic:  3/3        EV: 13    Int:  9    God:
Gold:   81         SH:  0    Dex: 15    Spells: 2/2 levels left

rFire    . . .     SeeInvis .   a - +0 long sword
rCold    . . .     Gourm    .   (no shield)
rNeg     . . .     Faith    .   b - +0 leather armour
rPois    .         Spirit   .   c - +0 helmet
rElec    .         Reflect  .   (no cloak)
rCorr    .         Harm     .   (no gloves)
MR       .....                  (no boots)
Stlth    +.........             (no amulet)
HPRegen  0.09/turn              (no ring)
MPRegen  0.08/turn              (no ring)

@: mighty, flying
A: claws 1
a: no special abilities


You were on level 3 of the Dungeon.
You were not hungry.

You visited 1 branch of the dungeon, and saw 3 of its levels.

You collected 81 gold pieces.

Inventory:

Hand Weapons
 a - a +0 long sword (weapon)
Missiles
 d - 2 throwing nets (quivered)
Armour
 b - a +0 leather armour (worn)
 c - a +0 helmet (worn)
Jewellery
 i - a +2 ring of protection {unknown}
 l - an uncursed amulet of rage {unknown}
Scrolls
 m - a scroll of teleportation
 n - a scroll of remove curse {unknown}
Potions
 g - a potion of brilliance {unknown}
 h - a potion of haste {unknown}
 j - a potion of might
 k - a potion of lignification {unknown}
Comestibles
 f - 6 rations


   Skills:
 + Level 2.3 Fighting
 + Level 3.4 Long Blades
 + Level 1.7 Throwing
 + Level 1.2 Armour
 + Level 3.0 Dodging


You had 2 spell levels left.
You didn't know any spells.
Your spell library was empty.

Dungeon Overview and Level Annotations

Branches:
Dungeon (3/15)

Altars:
Kikubaaqudgha
Wu Jian
Xom

Portals:
Sewer: D:3


Innate Abilities, Weirdness & Mutations

You have sharp fingernails.


Message History

The leopard gecko bites you but does no damage.
The rat bites you but does no damage.
You hit the leopard gecko.
The leopard gecko is lightly wounded.
The leopard gecko bites you.
* * * LOW HITPOINT WARNING * * *
The rat bites you.
* * * LOW HITPOINT WARNING * * *
The leopard gecko barely misses you.
You riposte.
You hit the leopard gecko.
The leopard gecko is heavily wounded.
It was a potion of flight.
You feel very buoyant.
You fly up into the air.
The rat misses you.
You riposte.
You hit the rat.
You kill the rat!
The leopard gecko bites you but does no damage.
It was a potion of might.
You feel very mighty all of a sudden.
The giant cockroach bites you but does no damage.
The leopard gecko bites you.
You die...

#.# #.# #.# .
#.# r. #.#
###.##.##
#........###
#.#####>(..#
####l##...!..
#..†@# ####..
#.##(##s##
......†..#
.........#
#...≈≈≈...<.
#..≈≈≈≈≈....#
#..≈≈∩≈≈....#
..≈≈≈≈≈....#
...≈≈≈......
..........##.


You could see a leopard gecko and a giant cockroach.

Vanquished Creatures
  An ooze (D:1)
  2 worms
  A dart slug (D:1)
  A leopard gecko (D:2)
  2 bats (D:1)
  4 giant cockroaches
  5 goblins
  3 hobgoblins (D:1)
  4 jackals (D:1)
  A ball python (D:3)
  2 frilled lizards (D:1)
  3 kobolds (D:1)
  6 rats
35 creatures vanquished.

Notes
Turn   | Place    | Note
-------+----------+-------------------------------------------
     0 | D:1      | Voker57 the Demonspawn Gladiator began the quest for the
                  | Orb.
     0 | D:1      | Reached XP level 1. HP: 16/16 MP: 1/1
   366 | D:1      | Gained mutation: You have sharp fingernails. [demonic
                  | ancestry]
   366 | D:1      | Reached XP level 2. HP: 18/22 MP: 2/2
   931 | D:1      | Reached skill level 1 in Armour
   931 | D:1      | Reached XP level 3. HP: 19/27 MP: 3/3
  1129 | D:2      | Found an ornate altar of the Wu Jian Council.
  1382 | D:2      | Found an ancient bone altar of Kikubaaqudgha.
  1455 | D:2      | Found a shimmering altar of Xom.
  1455 | D:2      | Found a shimmering altar of Xom.
  1455 | D:2      | Found a shimmering altar of Xom.
  1458 | D:2      | Found a shimmering altar of Xom.
  1458 | D:2      | Found a shimmering altar of Xom.
  1458 | D:2      | Found a shimmering altar of Xom.
  1460 | D:2      | Found a shimmering altar of Xom.
  1461 | D:2      | Found a shimmering altar of Xom.
  1466 | D:2      | You fall through a shaft!
  1471 | D:3      | Found a glowing drain.
  1501 | D:3      | Slain by a leopard gecko

Levels and vault maps discovered:
D:1:      grunt_arrival_lava_bath, layout_loops_cross, serial_park_tiny_pond
D:2:      layout_loops_corners, overflow_temple_1_default,
          nicolae_overflow_crystal_walls, lemuel_round_altar, xom_redecorated
D:3:      layout_rooms, good_gods_temple_1, lemuel_doored_altar,
          portal_sewer_entry_a

Skill      XL: |  1  2  3 |
---------------+----------+-----
Long Blades    | 3 |  3.4
Armour         | 1 |  1.2
Dodging        | 3 |  3.0
Fighting       | |  2.3
Throwing       | |  1.7

Action                   || total
-------------------------++-------
Melee: Long sword        ||    83
Throw: Throwing net      ||     1
  Use: Scroll            ||     3
       Potion            ||     2
  Eat: Chunk             ||     2
Armor: Leather armour    ||    24
Dodge: Dodged            ||    73
       Rpst.: Long sword ||    30

Table legend:
 A = Non-vault XP
 B = Vault XP
 C = Vault XP percentage of total XP
 D = Non-vault monster count
 E = Vault monster count
 F = Vault count percentage of total count
                 A         B        C        D         E       F
            +---------+---------+-------+---------+---------+-------
      Total |      62 |      10 |  13.9 |      30 |       5 |  14.3
            +---------+---------+-------+---------+---------+-------
        D:1 |      46 |       0 |   0.0 |      23 |       0 |   0.0
        D:2 |      14 |       0 |   0.0 |       6 |       0 |   0.0
        D:3 |       2 |      10 |  83.3 |       1 |       5 |  83.3
            +---------+---------+-------+---------+---------+-------
